 Dungeon Crawl Stone Soup version 0.26.1-11-gd32895ea62 (webtiles) character file.

Game seed: 17967158444248580459

11260 Zeld the Thrower (level 11, -5/109 HPs)
             Began as a Troll Hunter on June 7, 2021.
             Was a Believer of Yredelemnul.
             Slain by a yak (10 damage)
             ... on level 11 of the Dungeon.
             The game lasted 00:36:41 (20900 turns).

Zeld the Thrower (Troll Hunter)                    Turns: 20900, Time: 00:36:42

Health: -5/109     AC:  8    Str: 25    XL:     11   Next: 47%
Magic:  12/12      EV: 12    Int:  7    God:    Yredelemnul [**....]
Gold:   10         SH:  0    Dex: 10    Spells: 10/10 levels left

rFire    . . .     SeeInvis .   (no weapon)
rCold    . . .     Faith    .   (no shield)
rNeg     . . .     Spirit   .   b - +2 robe {Will+}
rPois    .         Reflect  .   (helmet restricted)
rElec    .         Harm     .   D - scarf {repulsion}
rCorr    .         Rampage  .   (gloves unavailable)
Will     +....                  (boots unavailable)
Stlth    +.........             (no amulet)
HPRegen  0.68/turn              (no ring)
MPRegen  0.13/turn              (no ring)

@: repel missiles
A: large, unfitting armour, claws 3, regeneration 1, shaggy fur 1, tough skin 3
a: Renounce Religion, Animate Remains, Recall Undead Slaves, Injury Mirror


You were on level 11 of the Dungeon.
You worshipped Yredelemnul.
Yredelemnul was pleased with you.
You visited 3 branches of the dungeon, and saw 13 of its levels.

You collected 597 gold pieces.
You spent 587 gold pieces at shops.

Inventory:

Missiles
 c - 17 large rocks (quivered)
 d - 3 throwing nets
 j - 2 poisoned darts
 s - 15 boomerangs
 C - 7 javelins
Armour
 b - a +2 robe of willpower (worn)
 D - a scarf of repulsion (worn)
Wands
 a - a wand of disintegration (7)
 h - a wand of paralysis (6)
 o - a wand of polymorph (7)
 v - a wand of flame (43)
 x - a wand of iceblast (8)
Scrolls
 e - 8 scrolls of remove curse
 k - 2 scrolls of fear
 m - 8 scrolls of teleportation
 p - 5 scrolls of enchant armour
 r - 3 scrolls of magic mapping
Potions
 g - 2 potions of mutation {unknown}
 i - 4 potions of lignification {unknown}
 l - 2 potions of attraction {unknown}
 t - a potion of degeneration {unknown}
 u - a potion of berserk rage {unknown}
 w - 4 potions of invisibility {unknown}
 z - 3 potions of brilliance {unknown}
 A - 5 potions of magic {unknown}
 E - a potion of haste {unknown}


   Skills:
 + Level 7.3 Fighting
 * Level 11.6 Throwing
 + Level 7.3 Dodging
 - Level 0.3 Stealth
 * Level 3.4 Invocations
 - Level 3.7 Evocations


You had 10 spell levels left.
You didn't know any spells.
Your spell library was empty.

Dungeon Overview and Level Annotations

Branches:
Dungeon (11/15)            Temple (1/1) D:6            Lair (0/6) D:10
    Orc (1/2) D:9

Altars:
Ashenzari
Cheibriados
Dithmenos
Elyvilon
Fedhas
Gozag
Hepliaklqana
Kikubaaqudgha
Makhleb
Nemelex Xobeh
Okawaru
Qazlal
Ru
Sif Muna
Trog
Uskayaw
Vehumet
Wu Jian
Xom
Yredelemnul
Zin
The Shining One

Shops:
D:6 *   D:8 ?:   D:9 !

Annotations:
D:9 2 transporters
D:11 3 runed translucent doors, 0gre's ghost, novice GnIE; Maurice
Orc:1 2 runed translucent doors, exclusion: orange crystal statue


Innate Abilities, Weirdness & Mutations

You are too large for most types of armour.
You have claws for hands.
Your natural rate of healing is unusually fast.
You are covered in fur. (AC +1)
You have extremely tough skin. (AC +3)


Message History

You claw the yak!
The yak is moderately wounded.
The yak gores you!
* * * LOW HITPOINT WARNING * * *
You scratch the yak.
The yak is heavily wounded.
The yak gores you but does no damage.
You scratch the yak.
The yak is heavily wounded.
The yak gores you!
* * * LOW HITPOINT WARNING * * *
You closely miss the yak.
The yak is heavily wounded.
The yak gores you!
* * * LOW HITPOINT WARNING * * *
The yak gores you!
* * * LOW HITPOINT WARNING * * *
The yak gores you!
You die...
Your body rises from the dead as a mindless zombie.

#..#......#.......#.....#
#..#......'.......#.....#
#..#......#########.....########
#..#......#...########..........
#..#......#.....#....'..........
#..#......#.....#..Y.#..........
#..#......#.....'.Y..#..........
#..#......#..##†###..#..........
#..#......#####@###..#..........
#..#......#..#.Y..#..##########'
##..#......#..#....#..'......#...
#...#......#..######..##.....#...
#...#......#..######'##########..
#...#......#..........##.....####
#...#......#.................#...
#...#.....>#######..###......#...
##.Y#............#...............


You could see a yak.

Vanquished Creatures
  A fire dragon (D:9)
  A death knight (D:11)
  Pikel (D:4)
  A manticore (D:11)
  A cyclops (Orc:1)
  An ice statue (D:8)
  A komodo dragon (D:10)
  The ghost of DemonSlayer the Chopper, an amateur HuBe of Makhleb (D:3)
  A wyvern (D:10)
  4 yaks
  A warg (D:9)
  4 water moccasins
  4 orc warriors
  7 black bears
  7 ice beasts
  8 ogres
  2 centaurs
  A lemure (D:4)
  4 big kobolds
  8 bullfrogs
  4 scorpions
  2 howler monkeys
  10 wights
  2 bullfrog zombies
  A centaur zombie (D:7)
  7 hounds
  A quasit (D:5)
  2 centaur skeletons
  11 orc priests
  Crazy Yiuf (D:5)
  2 bullfrog skeletons (D:11)
  4 iguanas
  14 orc wizards
  3 worker ants
  A hound skeleton (D:5)
  A howler monkey zombie (D:6)
  2 howler monkey skeletons (D:6)
  10 gnolls
  19 adders
  4 shadow imps
  2 white imps
  An ufetubus (D:8)
  2 oozes
  2 adder skeletons (D:4)
  2 adder zombies
  7 worms
  3 dart slugs
  2 leopard geckos
  46 orcs
  3 ball pythons
  8 bats
  8 giant cockroaches
  9 goblins
  3 hobgoblins
  8 jackals
  19 kobolds
  4 quokkas
  7 frilled lizards
  A leopard gecko skeleton (D:8)
  4 rats
301 creatures vanquished.

Vanquished Creatures (collateral kills)
  An unseen horror (D:11)
  A cyclops (D:11)
  A manticore (D:11)
  A big kobold (D:11)
4 creatures vanquished.

Vanquished Creatures (others)
  5 flying skulls (D:11)
  A human zombie (D:11)
  45 fungi (D:10)
  56 plants (D:10)
107 creatures vanquished.

Grand Total: 412 creatures vanquished

Notes
Turn   | Place    | Note
-------+----------+-------------------------------------------
     0 | D:1      | Zeld the Troll Hunter began the quest for the Orb.
     0 | D:1      | Reached XP level 1. HP: 19/19 MP: 0/0
    30 | D:1      | Reached XP level 2. HP: 27/28 MP: 1/1
   214 | D:1      | Reached skill level 4 in Throwing
   386 | D:1      | Reached XP level 3. HP: 35/35 MP: 2/2
   700 | D:2      | Noticed an ice beast
   709 | D:2      | Killed an ice beast
   710 | D:2      | Reached XP level 4. HP: 29/44 MP: 3/3
   971 | D:2      | Reached XP level 5. HP: 50/50 MP: 4/4
  1429 | D:2      | Reached skill level 5 in Throwing
  1548 | D:3      | Found a shadowy altar of Dithmenos.
  1871 | D:3      | Reached XP level 6. HP: 59/59 MP: 5/5
  1934 | D:3      | Found a shimmering altar of Xom.
  1934 | D:3      | Found a glowing silver altar of Zin.
  1934 | D:3      | Noticed an angel
  2716 | D:4      | Noticed Pikel
  3055 | D:4      | Killed Pikel
  3056 | D:4      | Reached skill level 6 in Throwing
  3056 | D:4      | Reached XP level 7. HP: 56/68 MP: 6/6
  3754 | D:4      | Reached skill level 7 in Throwing
  3781 | D:4      | Reached XP level 8. HP: 65/78 MP: 7/7
  3856 | D:4      | Found an ornate altar of the Wu Jian Council.
  4346 | D:4      | Found a bloodstained altar of Trog.
  4346 | D:4      | Found a basalt altar of Yredelemnul.
  4347 | D:4      | Found a burning altar of Makhleb.
  4354 | D:4      | Became a worshipper of Yredelemnul the Dark
  4410 | D:4      | Found a runed translucent door.
  4411 | D:4      | Noticed DemonSlayer's ghost (amateur HuBe)
  4592 | D:5      | Entered Level 5 of the Dungeon
  5206 | D:5      | Identified the +3 robe "Fisop" {rC+}
  5456 | D:5      | Reached skill level 8 in Throwing
  6136 | D:5      | Reached skill level 5 in Fighting
  6136 | D:5      | Reached skill level 5 in Dodging
  6222 | D:5      | Found a runed translucent door.
  6223 | D:5      | Noticed Crazy Yiuf
  6345 | D:5      | Killed Crazy Yiuf
  6876 | D:6      | Reached XP level 9. HP: 81/88 MP: 8/8
  6968 | D:6      | Found a burning altar of Makhleb.
  7001 | D:5      | HP: 2/74 [wight/+0 falchion (9)]
  7974 | D:5      | Reached skill level 9 in Throwing
  8275 | D:6      | Found a staircase to the Ecumenical Temple.
  8323 | Temple   | Entered the Ecumenical Temple
  8420 | D:6      | Reached * piety under Yredelemnul
  8579 | D:6      | Found Xaomme's Assorted Antiques.
  8582 | D:6      | Bought a scroll labelled FYLAJA FIRR for 29 gold pieces
  8582 | D:6      | Bought a scroll labelled QYJ OFITINEN for 29 gold pieces
  8582 | D:6      | Bought a smoky brown potion for 26 gold pieces
  8582 | D:6      | Bought a scroll labelled DOXKOM ELI for 29 gold pieces
  8720 | D:6      | Found a hazy altar of Hepliaklqana.
  8765 | D:6      | Found a staircase to the Ecumenical Temple.
  8793 | D:6      | Found a burning altar of Makhleb.
  8831 | D:6      | Found Xaomme's Assorted Antiques.
  9597 | D:3      | Killed DemonSlayer's ghost
 10985 | D:6      | Bought a glowing scarf for 232 gold pieces
 11344 | D:7      | Reached skill level 10 in Throwing
 11872 | D:8      | Noticed an ice statue
 12397 | D:6      | Reached XP level 10. HP: 94/95 MP: 9/9
 12657 | D:8      | Found Jeg Hinloe's Magic Scroll Boutique.
 12665 | D:8      | Bought a scroll of identify for 22 gold pieces
 12665 | D:8      | Bought a scroll of teleportation for 33 gold pieces
 12665 | D:8      | Bought a scroll of teleportation for 33 gold pieces
 12694 | D:8      | Reached ** piety under Yredelemnul
 12755 | D:8      | Found Ixaull's Book Shoppe.
 12781 | D:8      | Reached skill level 1 in Evocations
 12892 | D:8      | Killed an ice statue
 12970 | D:8      | Bought a scroll of identify for 22 gold pieces
 13404 | D:9      | Found Rinaschex's Distillery.
 13411 | D:9      | Noticed a four-headed hydra
 13417 | D:9      | Noticed a tengu warrior
 13427 | D:9      | Bought a potion of might for 44 gold pieces
 13427 | D:9      | Bought a potion of curing for 33 gold pieces
 13661 | D:9      | Identified the cursed +1 crystal plate armour of Quantum
                  | Leap {+Inv Stlth+}
 13711 | D:9      | Found a staircase to the Orcish Mines.
 13742 | D:9      | Found a transporter.
 13742 | D:9      | Found a transporter.
 13806 | D:10     | Entered Level 10 of the Dungeon
 14525 | D:9      | Bought a potion of heal wounds for 55 gold pieces
 15309 | D:10     | Found a staircase to the Lair.
 15600 | Orc:1    | Entered Level 1 of the Orcish Mines
 15600 | Orc:1    | Noticed a cyclops
 15849 | Orc:1    | Killed a cyclops
 15859 | Orc:1    | Found a runed translucent door.
 16335 | Orc:1    | Found a runed translucent door.
 16348 | Orc:1    | Found the +10 tower shield of Ignorance {rN+ Int-4}
 17102 | Orc:1    | Noticed an orange crystal statue
 17106 | Orc:1    | Noticed an orc knight
 17435 | D:10     | Reached skill level 11 in Throwing
 18153 | D:10     | Reached *** piety under Yredelemnul
 18362 | D:11     | Noticed a fire dragon
 18367 | D:11     | Noticed a manticore
 18396 | D:9      | Killed a fire dragon
 18397 | D:9      | Reached skill level 1 in Invocations
 18397 | D:9      | Reached XP level 11. HP: 31/109 MP: 9/11
 18586 | D:11     | Noticed a death knight
 18831 | D:11     | Received a gift from Yredelemnul (5 flying skulls)
 18919 | D:11     | Killed an unseen horror
 19429 | D:11     | Noticed Maurice
 19479 | D:11     | Noticed 0gre's ghost (novice GnIE)
 19481 | D:11     | Found a runed translucent gate.
 19481 | D:11     | Found a runed translucent gate.
 19481 | D:11     | Found a runed translucent gate.
 19481 | D:11     | Noticed a vampire knight
 20087 | D:11     | Killed a death knight
 20899 | D:11     | HP: 4/109 [yak (11)]
 20900 | D:11     | Slain by a yak

Illustrated notes

Levels and vault maps discovered:
D:1:      dpeg_arrival_rhombus, layout_loops_ring
D:2:      layout_basic
D:3:      layout_loops_ring, grunt_temple_overflow_order_and_chaos_1,
          lemuel_round_altar, minmay_puff
D:4:      layout_basic, marbit_many_paths, gammafunk_temple_overflow_claw,
          ebering_ghost_reflecting_pool, uniq_pikel
D:5:      cheibrodos_thug_alley, layout_loops_ring, uniq_crazy_yiuf_cottage
D:6:      layout_cave_pools, nzn_hepliaklqana_mist_gate,
          minmay_temple_entry_junction, basic_altar, serial_shops,
          kennysheep_mini
D:7:      layout_basic
D:8:      minmay_separated_statues, layout_basic, serial_shops, shop_statue,
          nicolae_shop_crystal
D:9:      gammafunk_the_bubble [the_bubble_gammafunk_plus_minus], layout_rooms,
          serial_shops, shop_fountains
D:10:     layout_basic, due_lair_maze_entry_diamond, kennysheep_generic_room_14
D:11:     cheibrodos_fzero, layout_gridville, gammafunk_ghost_split,
          uniq_maurice
Temple:   jpeg_temple_clearing
Orc:1:    layout_caves, basic_altar, chequers_guarded_unrand_ignorance

Skill      XL: |  1  2  3  4  5  6  7  8  9 10 11 |
---------------+----------------------------------+-----
Throwing       | 4 5 6 7 8 10 11 | 11.6
Dodging        | 2 3 4 5 6 7 |  7.3
Fighting       | 2 3 4 5 6 7 |  7.3
Evocations     | 3 |  3.7
Invocations    | 1 3 |  3.4
Stealth        | |  0.3

Action                   |  1- 3 |  4- 6 |  7- 9 | 10-12 || total
-------------------------+-------+-------+-------+-------++-------
Melee: Unarmed           |    88 |   227 |   928 |   660 ||  1903
Throw: Large rock        |       |       |     3 |    37 ||    40
Invok: Injury Mirror     |       |       |       |     1 ||     1
       Animate Remains   |       |       |       |     1 ||     1
       Animate Dead      |       |       |       |     1 ||     1
Evoke: Wand              |       |       |    18 |    20 ||    38
  Use: Scroll            |       |       |       |    16 ||    16
       Potion            |       |       |       |    10 ||    10
 Stab: Sleeping          |     2 |     2 |       |     1 ||     5
       Paralysed         |       |       |    25 |       ||    25
       Distracted        |       |       |       |     1 ||     1
Armor: Robe              |    59 |    66 |   380 |   253 ||   758
Dodge: Dodged            |    59 |   108 |   535 |   442 ||  1144
       Repelled          |       |       |       |     9 ||     9
